 Dungeon Crawl Stone Soup version 0.29-a0-375-g5102b3be25 (webtiles) character file.

Game seed: 8106393784090759563

1433 terff the Ducker (level 8, 0/67 HPs)
             Began as a Gnoll Monk on May 3, 2022.
             Was an Initiate of Gozag.
             Succumbed to a scorpion's poison
             ... on level 6 of the Dungeon.
             The game lasted 00:17:29 (7878 turns).

terff the Ducker (Gnoll Monk)                       Turns: 7878, Time: 00:17:30

Health: 0/67       AC:  6    Str: 10    XL:     8   Next: 73%
Magic:  13/13      EV: 16    Int: 10    God:    Gozag
Gold:   669        SH:  0    Dex: 17    Spells: 14/14 levels left

rFire   + . .      SeeInvis .   a - +0 falchion
rCold   + . .      Faith    .   k - orb {*channel}
rNeg    . . .      Spirit   .   b - +1 robe
rPois   .          Reflect  .   (no helmet)
rElec   .          Harm     .   c - +2 cloak
rCorr   .          Rampage  .   (no gloves)
Will    .....                   (no boots)
Stlth   +++.......              (no amulet)
HPRegen 0.21/turn               m - ring of protection from fire
MPRegen 0.13/turn               r - ring of protection from cold

@: lethally poisoned (0 -> -7), mesmerised
A: fangs 1, strong nose, distributed training
a: Renounce Religion, Potion Petition, Call Merchant, Bribe Branch


You were on level 6 of the Dungeon.
You worshipped Gozag.
Gozag was pleased with you.
You visited 2 branches of the dungeon, and saw 7 of its levels.

You collected 669 gold pieces.

Inventory:

Hand Weapons
 a - a +0 falchion (weapon)
Missiles
 t - a throwing net (quivered)
Armour
 b - a +1 robe (worn)
 c - a +2 cloak (worn)
 k - an orb of energy (worn)
Jewellery
 m - a ring of protection from fire (left hand)
 r - a ring of protection from cold (right hand)
 u - a +6 ring of strength
Wands
 o - a wand of mindburst (2)
Scrolls
 e - a scroll of fog
 f - 2 scrolls of teleportation
 j - 4 scrolls of enchant armour
Potions
 d - 2 potions of heal wounds
 g - a potion of curing
 h - 2 potions of attraction
 i - a potion of lignification
 l - a potion of invisibility
 n - a potion of might
 p - a potion of cancellation {unknown}
 q - a potion of berserk rage {unknown}


   Skills:
 + Level 7.5 Fighting
 + Level 3.5 Short Blades
 + Level 7.5 Long Blades
 + Level 3.5 Axes
 + Level 3.5 Maces & Flails
 + Level 3.5 Polearms
 + Level 3.5 Staves
 + Level 3.5 Slings
 + Level 3.5 Bows
 + Level 3.5 Crossbows
 + Level 3.5 Throwing
 + Level 3.5 Armour
 + Level 7.5 Dodging
 + Level 5.5 Stealth
 + Level 3.5 Shields
 + Level 3.5 Unarmed Combat
 + Level 3.5 Spellcasting
 + Level 2.9 Conjurations
 + Level 2.9 Hexes
 + Level 2.9 Summonings
 + Level 2.9 Necromancy
 + Level 2.9 Translocations
 + Level 2.9 Transmutations
 + Level 2.9 Fire Magic
 + Level 2.9 Ice Magic
 + Level 2.9 Air Magic
 + Level 2.9 Earth Magic
 + Level 2.9 Poison Magic
 + Level 3.9 Invocations
 + Level 3.5 Evocations


You had 14 spell levels left.
You didn't know any spells.
Your spell library was empty.

Dungeon Overview and Level Annotations

Branches:
Dungeon (6/15)             Temple (1/1) D:4

Altars:
Ashenzari
Cheibriados
Dithmenos
Elyvilon
Fedhas
Gozag
Hepliaklqana
Kikubaaqudgha
Okawaru
Qazlal
Ru
Sif Muna
Trog
Uskayaw
Xom
Zin
The Shining One

Shops:
D:5 =   D:6 ?

Annotations:
D:6 Maggie


Innate Abilities, Weirdness & Mutations

You have very sharp teeth.
Your uncanny sense of smell can sniff out nearby items.
Your experience applies equally to all skills.


Message History

The scorpion closely misses you.
You hit Maggie but do no damage. Your bite misses Maggie.
Maggie is heavily wounded.
Maggie hits you with a +0 scimitar! The scorpion stings you.
You barely miss Maggie. You bite Maggie, but do no damage.
Maggie is heavily wounded.
The scorpion completely misses you.
Maggie says, "Fear not.
I will immortalize you in the tale of my first kill."
Maggie mumbles some strange words.
Maggie draws you further into her thrall.
You hit Maggie but do no damage.
Maggie is heavily wounded.
The scorpion barely misses you.
Maggie mumbles some strange words.
Maggie draws you further into her thrall.
You completely miss Maggie.
Maggie is heavily wounded.
The scorpion barely misses you.
You hit Maggie.
Maggie is heavily wounded.
Maggie hits you with a +0 scimitar!
* * * LOW HITPOINT WARNING * * *
The scorpion barely misses you.
You barely miss Maggie.
Maggie is heavily wounded.
Maggie barely misses you. The scorpion stings you.
* * * LOW HITPOINT WARNING * * *
You are poisoned.
The scorpion poisons you!
You hit Maggie but do no damage.
Maggie is heavily wounded.
You feel sick. The scorpion stings you.
* * * LOW HITPOINT WARNING * * *
Maggie points at you and mumbles some strange words.
The bolt of fire hits you! You resist.
* * * LOW HITPOINT WARNING * * *
You closely miss Maggie.
Maggie is heavily wounded.
You die...
Your body crumbles into a pile of gold.

.......#...................$.....
.......#.........................
.......#.........................
.......#....................$....
#.##'###.........................
#.#........##'###################
..#........#............
..'........#............
..#........#....@s......
..#........#.....@......
..#........#....##......
..#........#....##......
..#........'............
..#........#............
..#........#............
..+........#............
###........#....###...


You could see Maggie (mesmerising) and a scorpion.

Vanquished Creatures
  3 ogres
  A phantom (D:5)
  2 centaurs
  A necrophage (D:4)
  A bullfrog (D:4)
  4 scorpions
  A howler monkey (D:5)
  2 hounds
  2 orc priests
  Crazy Yiuf (D:3)
  A jelly (D:5)
  A gnoll shaman (D:4)
  2 iguanas
  2 orc wizards
  9 adders
  7 gnolls
  2 white imps
  2 worms
  3 dart slugs
  2 orcs
  8 ball pythons
  6 endoplasms
  3 giant cockroaches
  4 goblins
  3 hobgoblins
  2 jackals (D:4)
  3 quokkas
  6 bats
  2 frilled lizards
  6 kobolds
  22 rats
114 creatures vanquished.

Notes
Turn   | Place    | Note
-------+----------+-------------------------------------------
     0 | D:1      | terff the Gnoll Monk began the quest for the Orb.
     0 | D:1      | Reached XP level 1. HP: 23/23 MP: 1/1
   289 | D:1      | Reached XP level 2. HP: 29/29 MP: 2/2
  1131 | D:2      | Reached XP level 3. HP: 33/35 MP: 3/3
  1449 | D:2      | Reached skill level 1 in Invocations
  2170 | D:3      | Found a stormy altar of Qazlal.
  2242 | D:3      | Reached skill level 1 in Short Blades
  2242 | D:3      | Reached skill level 1 in Axes
  2242 | D:3      | Reached skill level 1 in Maces & Flails
  2242 | D:3      | Reached skill level 1 in Polearms
  2242 | D:3      | Reached skill level 1 in Staves
  2242 | D:3      | Reached skill level 1 in Slings
  2242 | D:3      | Reached skill level 1 in Bows
  2242 | D:3      | Reached skill level 1 in Crossbows
  2242 | D:3      | Reached skill level 1 in Throwing
  2242 | D:3      | Reached skill level 1 in Armour
  2242 | D:3      | Reached skill level 1 in Shields
  2242 | D:3      | Reached skill level 1 in Unarmed Combat
  2242 | D:3      | Reached skill level 1 in Spellcasting
  2242 | D:3      | Reached skill level 1 in Evocations
  2242 | D:3      | Reached XP level 4. HP: 34/41 MP: 5/5
  2811 | D:3      | Reached skill level 1 in Conjurations
  2811 | D:3      | Reached skill level 1 in Hexes
  2811 | D:3      | Reached skill level 1 in Summonings
  2811 | D:3      | Reached skill level 1 in Necromancy
  2811 | D:3      | Reached skill level 1 in Translocations
  2811 | D:3      | Reached skill level 1 in Transmutations
  2811 | D:3      | Reached skill level 1 in Fire Magic
  2811 | D:3      | Reached skill level 1 in Ice Magic
  2811 | D:3      | Reached skill level 1 in Air Magic
  2811 | D:3      | Reached skill level 1 in Earth Magic
  2811 | D:3      | Reached skill level 1 in Poison Magic
  2811 | D:3      | Reached XP level 5. HP: 20/47 MP: 6/6
  3631 | D:3      | Found a runed translucent door.
  3632 | D:3      | Noticed Crazy Yiuf
  3860 | D:3      | Killed Crazy Yiuf
  3861 | D:3      | Reached XP level 6. HP: 21/53 MP: 8/8
  4074 | D:4      | Found a staircase to the Ecumenical Temple.
  4111 | Temple   | Entered the Ecumenical Temple
  4376 | Temple   | Became a worshipper of Gozag Ym Sagoz the Greedy
  4580 | D:4      | Reached XP level 7. HP: 49/59 MP: 10/10
  5266 | D:4      | Reached skill level 5 in Stealth
  5775 | D:5      | Entered Level 5 of the Dungeon
  6030 | D:5      | Reached XP level 8. HP: 42/67 MP: 12/12
  6942 | D:5      | Found Wyxyul's Jewellery Shop.
  7343 | D:6      | Found Zaesox's Magic Scroll Boutique.
  7665 | D:6      | Noticed Maggie
  7877 | D:6      | HP: 2/67 [Maggie/bolt of fire (9)]
  7878 | D:6      | Succumbed to a scorpion's poison

Illustrated notes

Levels and vault maps discovered:
D:1:      minmay_arrival_pointy, layout_basic
D:2:      layout_basic
D:3:      layout_basic, general_overflow_altar, minmay_rat_hole,
          uniq_crazy_yiuf_cottage
D:4:      layout_gridville, minmay_temple_entry_drinking_statues
D:5:      layout_gridville, serial_shops, kennysheep_little_box,
          minmay_misc_feat_nine_boxes, ebering_dispersal_statue_hall
D:6:      layout_gridville, enter_ossuary_1, serial_shops, shop_coins,
          uniq_maggie
Temple:   eino_temple_scatter_basement

Skill      XL: |  1  2  3  4  5  6  7  8 |
---------------+-------------------------+-----
Invocations    | 1 2 3 |  3.9
Short Blades   | 1 2 3 |  3.5
Axes           | 1 2 3 |  3.5
Maces & Flails | 1 2 3 |  3.5
Polearms       | 1 2 3 |  3.5
Staves         | 1 2 3 |  3.5
Slings         | 1 2 3 |  3.5
Bows           | 1 2 3 |  3.5
Crossbows      | 1 2 3 |  3.5
Throwing       | 1 2 3 |  3.5
Armour         | 1 2 3 |  3.5
Shields        | 1 2 3 |  3.5
Unarmed Combat | 1 2 3 |  3.5
Spellcasting   | 1 2 3 |  3.5
Evocations     | 1 2 3 |  3.5
Conjurations   | 1 2 |  2.9
Hexes          | 1 2 |  2.9
Summonings     | 1 2 |  2.9
Necromancy     | 1 2 |  2.9
Translocations | 1 2 |  2.9
Transmutations | 1 2 |  2.9
Fire Magic     | 1 2 |  2.9
Ice Magic      | 1 2 |  2.9
Air Magic      | 1 2 |  2.9
Earth Magic    | 1 2 |  2.9
Poison Magic   | 1 2 |  2.9
Fighting       | 7 |  7.5
Long Blades    | 7 |  7.5
Dodging        | 7 |  7.5
Stealth        | 5 |  5.5

Action                   |  1- 3 |  4- 6 |  7- 9 || total
-------------------------+-------+-------+-------++-------
Melee: Falchion          |   101 |   154 |   250 ||   505
       Bite              |     9 |    12 |    24 ||    45
       Punch             |     2 |       |       ||     2
Evoke: Wand              |       |     1 |     6 ||     7
  Use: Scroll            |     6 |     1 |    11 ||    18
       Potion            |       |     1 |       ||     1
 Stab: Sleeping          |     7 |     5 |     4 ||    16
Armor: Robe              |    32 |    33 |    47 ||   112
Dodge: Dodged            |    90 |   142 |   200 ||   432

Table legend: (Time is in decaauts)
 A = Elapsed time spent in this place.
 B = Non-inter-level travel time spent in this place.
 C = Inter-level travel time spent in this place.
 D = Time resting spent in this place.
 E = Time spent auto-exploring this place.
 F = Levels seen in this place.
 G = Mean time per level.
                   A        B        C        D        E       F      G
               +--------+--------+--------+--------+--------+-----+--------+
         Total |   7855 |   7596 |    259 |   1099 |   4634 |   7 | 1122.1 |
       Dungeon |   7579 |   7328 |    251 |   1099 |   4421 |   6 | 1263.2 |
        Temple |    275 |    267 |      8 |      0 |    213 |   1 |  275.0 |
               +--------+--------+--------+--------+--------+-----+--------+

Top non-repeatable levels by time:
     D:3: 1906 daAuts
     D:4: 1757 daAuts
     D:5: 1221 daAuts
     D:2: 1201 daAuts
     D:1: 959 daAuts
     D:6: 533 daAuts
  Temple: 275 daAuts
